 Dungeon Crawl Stone Soup version 0.26.0-10-g1f06aea511 (webtiles) character file.

Game seed: 872414660418007535

141 Arum the Ruffian (level 5, 0/47 HPs)
             Began as a Ghoul Monk on Jan 20, 2021.
             Slain by an orc
             ... wielding a +1 dagger of speed
              (2 damage)
             ... on level 3 of the Dungeon.
             The game lasted 00:02:49 (1725 turns).

Arum the Ruffian (Ghoul Monk)                       Turns: 1725, Time: 00:02:49

Health: 0/47       AC: 10    Str: 16    XL:     5   Next: 24%
Magic:  4/4        EV: 12    Int: 11    God:
Gold:   91         SH:  0    Dex: 11    Spells: 4/4 levels left

rFire    . . .     SeeInvis .     - Unarmed
rCold    + . .     Faith    .   (no shield)
rNeg     + + +     Spirit   .   c - +0 ring mail
rPois    ∞         Reflect  .   (no helmet)
rElec    .         Harm     .   k - +0 cloak
rCorr    .         Rampage  .   (no gloves)
Will     .....                  (no boots)
Stlth    +.........             (no amulet)
HPRegen  0.00/turn              d - +4 ring of protection
MPRegen  0.09/turn              e - +6 ring of intelligence

@: no status effects
A: claws 1, cold resistance 1, negative energy resistance 3, inhibited
regeneration, torment resistance, unbreathing
a: no special abilities


You were on level 3 of the Dungeon.
You visited 1 branch of the dungeon, and saw 3 of its levels.

You collected 91 gold pieces.

Inventory:

Armour
 c - a +0 ring mail (worn)
 k - a +0 cloak (worn)
Jewellery
 d - a +4 ring of protection (left claw)
 e - a +6 ring of intelligence (right claw)
Scrolls
 b - 3 scrolls of teleportation {unknown}
 g - a scroll of fog {unknown}
 h - a scroll of magic mapping {unknown}
 j - 4 scrolls of identify {unknown}
Potions
 a - 2 potions of invisibility {unknown}
 f - a potion of attraction {unknown}
 i - 4 potions of heal wounds {unknown}


   Skills:
 + Level 4.5 Fighting
 + Level 3.7 Dodging
 - Level 2.1 Stealth
 + Level 4.5 Unarmed Combat


You had 4 spell levels left.
You didn't know any spells.
Your spell library was empty.

Dungeon Overview and Level Annotations

Branches:
Dungeon (3/15)

Altars:


Innate Abilities, Weirdness & Mutations

You thrive by killing the living.
You are immune to poison.
You have sharp fingernails.
Your flesh is cold resistant. (rC+)
You are immune to negative energy. (rN+++)
You do not regenerate when monsters are visible.
You are immune to unholy pain and torment.
You can survive without breathing.


Message History

You scratch the orc priest.
The orc priest is severely wounded.
The orc barely misses you.
The orc priest hits you but does no damage.
You closely miss the orc priest.
The orc priest is severely wounded.
The orc hits you but does no damage.
You scratch the orc priest.
The orc priest is almost dead.
The orc priest barely misses you. The orc hits you but does no damage.
You closely miss the orc priest.
The orc priest is almost dead.
The orc hits you but does no damage.
The orc priest hits you with a +0 trident.
* * * LOW HITPOINT WARNING * * *
The orc closely misses you.
You scratch the orc priest.
You kill the orc priest!
The orc hits you with a +1 dagger of speed.
You die...

### ### ### #.. ..# #..
#.# #.# #.# #.# #.#
####.# #.#
#.###.##.###### #.####
#.##..........#
##....###.......o.....#
...##.......).##@####.#
##.#############K# ##.#
... ...# ##... ####
#####


You could see an orc and a kobold.

Vanquished Creatures
  2 orc priests (D:3)
  Crazy Yiuf (D:2)
  Jessica (D:2)
  An adder (D:2)
  A worm (D:3)
  A dart slug (D:1)
  2 leopard geckos
  2 orcs (D:3)
  5 giant cockroaches
  2 goblins (D:2)
  6 hobgoblins
  A quokka (D:2)
  A ball python (D:1)
  5 bats
  2 frilled lizards (D:1)
  5 kobolds (D:1)
  5 rats
43 creatures vanquished.

Notes
Turn   | Place    | Note
-------+----------+-------------------------------------------
     0 | D:1      | Arum the Ghoul Monk began the quest for the Orb.
     0 | D:1      | Reached XP level 1. HP: 19/19 MP: 0/0
   227 | D:1      | Reached XP level 2. HP: 23/26 MP: 1/1
   770 | D:1      | Reached XP level 3. HP: 33/33 MP: 2/2
  1034 | D:2      | Noticed Jessica
  1042 | D:2      | Killed Jessica
  1043 | D:2      | Reached XP level 4. HP: 38/40 MP: 3/3
  1069 | D:2      | Found a runed translucent door.
  1070 | D:2      | Noticed Crazy Yiuf
  1083 | D:2      | Killed Crazy Yiuf
  1712 | D:3      | Reached XP level 5. HP: 11/47 MP: 4/4
  1724 | D:3      | HP: 2/47 [orc priest/+0 trident (4)]
  1725 | D:3      | Slain by an orc

Illustrated notes

Levels and vault maps discovered:
D:1:      dpeg_arrival_water_temple_mockup, layout_basic, st_stairs_8
D:2:      layout_basic, uniq_crazy_yiuf_cottage, uniq_jessica
D:3:      layout_loops_ring

Skill      XL: |  1  2  3 |
---------------+----------+-----
Dodging        | 3 |  3.7
Fighting       | 4 |  4.5
Unarmed Combat | 4 |  4.5
Stealth        | |  2.1

Action                   |  1- 3 |  4- 6 || total
-------------------------+-------+-------++-------
Melee: Unarmed           |   111 |    61 ||   172
       Punch             |     1 |     1 ||     2
 Stab: Sleeping          |       |     1 ||     1
Armor: Ring mail         |    41 |    33 ||    74
       Robe              |     1 |       ||     1
Dodge: Dodged            |    60 |    51 ||   111
